 Dungeon Crawl Stone Soup version 0.31.0-1-g2c135a0 (webtiles) character file.

Game seed: 5140876305488289174

16 bonegar the Sneak (level 2, 22/22 HPs)
             Began as a Naga Enchanter on Feb 18, 2024.
             Got out of the dungeon alive.
             The game lasted 00:04:35 (690 turns).

bonegar the Sneak (Naga Enchanter)                   Turns: 690, Time: 00:04:35

Health: 22/22      AC:  1    Str: 10    XL:     2   Next: 54%
Magic:  5/5        EV: 10    Int: 15    God:
Gold:   27         SH:  0    Dex: 11    Spells: 3/5 levels left

rFire   . . .        a - +1 dagger
rCold   . . .        (no shield)
rNeg    . . .        b - +0 robe
rPois   +            (no helmet)
rElec   .            (no cloak)
rCorr   .            (no gloves)
SInv    +            (no barding)
Will    .....        (no amulet)
Stlth   +++          (no ring)
HPRegen 0.23/turn    (no ring)
MPRegen 0.09/turn

%: no passive effects
@: very slow
A: AC +0, large, see invisible, deformed body, poison resistance, slowness 2,
spit poison 1, naga tail 1
a: Spit Poison


You escaped.
You visited 1 branch of the dungeon, and saw 1 of its levels.

You collected 27 gold pieces.

Inventory:

Hand Weapons
 a - a +1 dagger (weapon)
Armour
 b - a +0 robe (worn)
Scrolls
 g - a scroll of enchant weapon {unknown}
Potions
 c - 2 potions of invisibility
 d - 2 potions of curing {unknown}
 e - a potion of haste {unknown}
 f - a potion of attraction {unknown}
 h - a potion of lignification {unknown}


   Skills:
 + Level 1.3 Short Blades
 + Level 1.8 Dodging
 + Level 4.7 Stealth
 + Level 2.2 Spellcasting
 + Level 3.1 Hexes


You had 3 spell levels left.
You knew the following spells:

 Your Spells              Type           Power      Damage    Failure   Level
a - Ensorcelled Hibernat  Hex/Ice        12%        N/A       17%         2

Your spell library contained the following spells:

 Spells                   Type           Power      Damage    Failure   Level
 Confusing Touch          Hex            11%        N/A       19%         3
 Tukima's Dance           Hex            11%        N/A       19%         3
 Dazzling Flash           Conj/Hex       12%        N/A       34%         3


Dungeon Overview and Level Annotations

Branches:
Dungeon (1/15)

Altars:


Innate Abilities, Weirdness & Mutations

Your serpentine skin is tough. (AC +0)
You have supernaturally acute eyesight. (SInv)
Armour fits poorly on your strangely shaped body.
Your system is resistant to poisons. (rPois)
You cover ground very slowly.
You can spit poison.
You have a snake-like lower body.


Message History

You closely miss the kobold.
The kobold is severely wounded.
The kobold barely misses you.
You closely miss the kobold.
The kobold is severely wounded.
The kobold hits you but does no damage.
You barely miss the kobold.
The kobold is severely wounded.
The kobold barely misses you.
You closely miss the kobold.
The kobold is severely wounded.
The kobold hits you with a +0 short sword.
You barely miss the kobold.
The kobold is severely wounded.
The kobold hits you with a +0 short sword.
You barely miss the kobold.
The kobold is severely wounded.
The kobold hits you with a +0 short sword.
* * * LOW HITPOINT WARNING * * *
You hit the kobold but do no damage.
The kobold is severely wounded.
You hit the kobold.
You kill the kobold!
You hit the rat.
You kill the rat!
Things that are here:
a +0 short sword; a rat corpse; a kobold corpse Welcome back, bonegar the Naga Enchanter.
Press ? for a list of commands and other information.
Unknown command.
Unknown command.
You open the door.
There is an open door here.
There is an open door here.
HP restored.
There is a dry fountain here.
There is an open door here.
There is a staircase leading out of the dungeon here.
You can't go down here!
You have escaped!

#.# #.## #.# #.##
#.###.## #......)
#####.## #.# ##+##
##.# ##...##
############ #..#
##.....##
#@..#......# #.##
##.......##
#...#..###.###.##
#.........#
###'#....#.##...##
+.........+
#.#....⌠.#.#......
#.........#
#.#..#......#...##
##.......##
#.'.####.......##
##.....##
#.#..#.......###
##...##
#.#....⌠.#.#.#
##'##
###'#....#.#.#


There were no monsters in sight!

Vanquished Creatures
  A dart slug (D:1)
  An endoplasm (D:1)
  A giant cockroach (D:1)
  2 hobgoblins (D:1)
  3 kobolds (D:1)
  2 ball pythons (D:1)
  2 bats (D:1)
  2 rats (D:1)
14 creatures vanquished.

Notes
Turn   | Place    | Note
-------+----------+-------------------------------------------
     0 | D:1      | bonegar the Naga Enchanter began the quest for the Orb.
     0 | D:1      | Reached XP level 1. HP: 15/15 MP: 3/3
   310 | D:1      | Reached XP level 2. HP: 22/22 MP: 5/5
   313 | D:1      | Learned a level 2 spell: Ensorcelled Hibernation
   690 | D:$      | Got out of the dungeon alive.

Illustrated notes

Levels and vault maps discovered:
D:1:      dpeg_arrival_court, layout_loops_corners

Action                     || total
---------------------------++-------
  Melee: Dagger            ||    63
   Stab: Sleeping          ||     5
 Armour: Robe              ||    26
  Dodge: Dodged            ||    30
